 Dungeon Crawl Stone Soup version 0.20.1-1-g8b1a95d (webtiles) character file.

49 HuneSparrow the Skirmisher (level 3, 0/29 HPs)
             Began as a Demonspawn Fighter on July 30, 2017.
             Slain by a goblin (3 damage)
             ... led by Robin
             ... on level 1 of the Dungeon.
             The game lasted 00:04:03 (978 turns).

HuneSparrow the Skirmisher (Demonspawn Fighter)      Turns: 978, Time: 00:04:03

Health: 0/29       AC:  6    Str: 22    XL:     3   Next: 51%
Magic:  3/3        EV:  7    Int:  9    God:
Gold:   94         SH:  9    Dex: 12    Spells: 2/2 levels left

rFire    . . .     SeeInvis .   a - +0 long sword
rCold    . . .     Gourm    .   c - +0 shield
rNeg     . . .     Faith    .   b - +0 scale mail
rPois    .         Spirit   .   (no helmet)
rElec    .         Reflect  .   k - scarf {repulsion}
rCorr    .         Harm     .   (no gloves)
MR       .....                  (no boots)
Stlth    ..........             (no amulet)
Regen    0.1/turn               (no ring)
MPRegen  0.1/turn               (no ring)

@: mighty, repel missiles
A: demonic guardian 1
a: no special abilities


You were on level 1 of the Dungeon.
You were hungry.

You visited 1 branch of the dungeon, and saw 2 of its levels.

You collected 94 gold pieces.

Inventory:

Hand Weapons
 a - a +0 long sword (weapon)
Armour
 b - a +0 scale mail (worn)
 c - a +0 shield (worn)
 k - a scarf of repulsion (worn)
Scrolls
 e - 2 scrolls of remove curse {unknown}
 j - 2 scrolls of fog {unknown}
 l - a scroll of fear {unknown}
 m - a scroll of teleportation {unknown}
 o - a scroll of magic mapping {unknown}
Potions
 i - a potion of ambrosia {unknown}
 n - a potion of curing {unknown}
 p - a potion of magic {unknown}
Comestibles
 f - a bread ration
 g - 10 chunks of flesh
 h - 2 fruits
 q - a royal jelly
 r - a meat ration


   Skills:
 + Level 3.6 Fighting
 * Level 2.5 Long Blades
 + Level 2.9 Armour
 + Level 2.9 Shields


You had 2 spell levels left.
You didn't know any spells.

Dungeon Overview and Level Annotations

Branches:
Dungeon (2/15)

Altars:

Annotations:
D:2 Robin


Innate Abilities, Weirdness & Mutations

A weak demonic guardian rushes to your aid.


Message History

The goblin hits you but does no damage. The goblin hits you.
You block the goblin's attack. x2
You barely miss the goblin.
The goblin closely misses you. x2; You riposte.
Your shield prevents you from hitting the goblin.
The goblin hits you but does no damage. The goblin hits you.
You block the goblin's attack.
You hit the goblin but do no damage.
The goblin no longer looks unusually strong.
You block the goblin's attack. The goblin barely misses you.
You block the goblin's attack. The goblin hits you with a dagger.
* * * LOW HITPOINT WARNING * * *
You feel very mighty all of a sudden.
You block the goblin's attack. x2; The goblin hits you.
* * * LOW HITPOINT WARNING * * *
The goblin barely misses you.
You slash the goblin!
You kill the goblin!
You block the goblin's attack. The goblin barely misses you.
You block the goblin's attack. The goblin hits you.
You die...

### ############ #.#
#..........# #.#
#########..........###.#
#.................)'....
#########...........†###..
#......##.g.......(..###..
#......'.@................
#......##gg###.####.####..
####...##.................
#.####..###.###........ #####
#.####..# #.# #..###...
#...####....)..###.###..###...
#...##.....##.................
#...###.......................
#...# #.......##.#.###..###...


You could see 3 goblins.

Vanquished Creatures
  An adder (D:2)
  A worm (D:2)
  2 dart slugs
  5 bats
  4 giant cockroaches (D:1)
  5 goblins
  4 hobgoblins
  2 frilled lizards (D:1)
  3 kobolds (D:1)
  7 rats (D:1)
34 creatures vanquished.

Notes
Turn   | Place    | Note
-------+----------+-------------------------------------------
     0 | D:1      | HuneSparrow the Demonspawn Fighter began the quest for the Orb.
     0 | D:1      | Reached XP level 1. HP: 18/18 MP: 1/1
   112 | D:1      | Gained mutation: A weak demonic guardian rushes to your aid. [demonic ancestry]
   112 | D:1      | Reached XP level 2. HP: 22/24 MP: 2/2
   792 | D:2      | Reached XP level 3. HP: 24/29 MP: 3/3
   962 | D:2      | Noticed Robin
   978 | D:1      | Slain by a goblin

Skill      XL: |  1 |
---------------+----+-----
Long Blades    | 2 |  2.5
Fighting       | |  3.6
Armour         | |  2.9
Shields        | |  2.9

Action                   || total
-------------------------++-------
Melee: Long sword        ||   120
  Use: Potion            ||     1
Armor: Scale mail        ||    57
Dodge: Dodged            ||    33
Block: Shield            ||    63
       Rpst.: Long sword ||     8
